 Dungeon Sprint DCSS version 0.31-a0-620-gd1cbd99268 (webtiles) character file.

Game seed: 13978470313948759644

2121 zazu2006 the Protected (level 9, -9/74 HPs)
             Began as a Gnoll Wanderer on Aug 23, 2023.
             Was a Priest of Trog.
             Killed from afar by a deep elf pyromancer (28 damage)
             ... with a bolt of fire
             ... in the Dungeon (Sprint IX: "|||||||||||||||||||||||||||||").
             The game lasted 00:02:46 (519 turns).

zazu2006 the Protected (Gnoll Wanderer)              Turns: 519, Time: 00:02:46

Health: -9/74      AC: 13    Str: 23    XL:     9   Next: 29%
Magic:  21/21      EV: 12    Int: 15    God:    Trog [***...]
Gold:   0          SH:  0    Dex:  7    Spells: 23/24 levels left

rFire   . . .        l - +4 quarterstaff (spect)
rCold   . . .        (shield currently unavailable)
rNeg    . . .        c - +2 scale mail
rPois   .            n - +0 helmet
rElec   .            (no cloak)
rCorr   .            (no gloves)
SInv    .            (no boots)
Will    .....        (no amulet)
Stlth   +            o - +3 ring of strength
HPRegen 0.32/turn    p - +3 ring of intelligence
MPRegen 0.17/turn

%: no teleportation
@: on fire, on berserk cooldown, slowed, glowing, very slow
A: fangs 1, strong nose, distributed training
a: Renounce Religion, Berserk, Trog's Hand


You were in the Dungeon.
You worshipped Trog.
Trog was most pleased with you.
You visited 1 branch

Inventory:

Hand Weapons
 a - a +0 dagger
 l - a +4 spectral quarterstaff (weapon)
 m - a +2 scimitar of holy wrath
Missiles
 b - 8 poisoned darts (quivered)
 q - a curare-tipped dart
Armour
 c - a +2 scale mail (worn)
 n - a +0 helmet (worn)
Jewellery
 o - a +3 ring of strength (left hand)
 p - a +3 ring of intelligence (right hand)
Wands
 k - a wand of quicksilver (5)
Scrolls
 d - a scroll of fog
 j - 2 scrolls of blinking
Potions
 e - a potion of invisibility
 f - 2 potions of heal wounds
 g - a potion of haste
 h - 4 potions of magic
 i - 4 potions of curing


   Skills:
 + Level 8.1 Fighting
 + Level 7.6 Short Blades
 + Level 7.6 Long Blades
 + Level 7.6 Axes
 + Level 7.6 Maces & Flails
 + Level 7.6 Polearms
 + Level 7.6 Staves
 + Level 7.6 Ranged Weapons
 + Level 9.0 Throwing
 + Level 12.8 Armour
 + Level 7.6 Dodging
 + Level 7.6 Stealth
 + Level 7.6 Shields
 + Level 7.6 Unarmed Combat
 + Level 8.2 Spellcasting
 + Level 6.3 Conjurations
 + Level 6.3 Hexes
 + Level 6.7 Summonings
 + Level 6.3 Necromancy
 + Level 6.3 Translocations
 + Level 6.3 Transmutations
 + Level 6.3 Fire Magic
 + Level 6.3 Ice Magic
 + Level 6.3 Air Magic
 + Level 6.3 Earth Magic
 + Level 6.3 Poison Magic
 + Level 8.3 Invocations
 + Level 7.6 Evocations
 + Level 6.9 Shapeshifting


You had 23 spell levels left.
You knew the following spells:

 Your Spells              Type           Power      Damage    Failure   Level
a - Summon Small Mammal   Summ           100%       N/A       1%          1

Your spell library contained the following spells:

 Spells                   Type           Power      Damage    Failure   Level
 Call Canine Familiar     Summ           26%        N/A       4%          3


Dungeon Overview and Level Annotations

Branches:
Dungeon (1/1)

Altars:
Cheibriados
Dithmenos
Elyvilon
Fedhas
Gozag
Hepliaklqana
Kikubaaqudgha
Makhleb
Nemelex Xobeh
Okawaru
Qazlal
Ru
Sif Muna
Trog
Uskayaw
Vehumet
Wu Jian
Xom
Yredelemnul
Zin
The Shining One
Jiyva
Lugonu


Innate Abilities, Weirdness & Mutations

You have very sharp teeth.
Your uncanny sense of smell can sniff out nearby items.
Your experience applies equally to all skills.


Message History

Your Throwing skill increases to level 9!
Unknown command.
Unknown command.
You see here an ugly thing corpse.
You slam the door shut with a bang, pushing everything out of the way!
Things that are here:
a hydra corpse; an ugly thing corpse You feel a strong urge to attack something.
You start resting.
You feel your anger nearly subside.
You are no longer berserk.
You are exhausted.
You feel yourself slow down.
You start resting.
A deep elf pyromancer is nearby!
You hit the deep elf pyromancer but do no damage.
Your bite misses the deep elf pyromancer.
The deep elf pyromancer hits you but does no damage.
You hit the deep elf pyromancer.
You bite the deep elf pyromancer, but do no damage.
The deep elf pyromancer is lightly wounded.
The deep elf pyromancer hits you with a +0 short sword.
You hit the deep elf pyromancer.
Your bite misses the deep elf pyromancer.
The deep elf pyromancer is lightly wounded.
The deep elf pyromancer points at you and mumbles some strange words.
The sticky flame hits you.
You are covered in liquid flames!
The deep elf pyromancer points at you and mumbles some strange words.
The sticky flame hits you.
You are covered in liquid flames!
Aiming: Quicksilver Bolt
Press: ? - help, Shift-Dir - straight line, f - deep elf pyromancer
Aim: a deep elf pyromancer, wielding a +0 short sword and wearing a +0 ring mail (lightly wounded, 67% to hit)
The bolt of dispelling energy hits the deep elf pyromancer!!
The deep elf pyromancer is heavily wounded.
You are covered in liquid flames!
* * * LOW HITPOINT WARNING * * *
The deep elf pyromancer points at you and mumbles some strange words.
The bolt of fire hits you!!
You die...

▓▓▓▓▓▓▓▓▓▓▓▓▓▓▓▓▓▓▓▓▓▓▓
+....)@e.†..))'..[[..)?
▓▓▓▓▓▓▓▓▓▓▓▓▓▓▓▓▓▓▓▓▓▓▓
∆∆∆∆ ∆ ∆∆∆∆


You could see a deep elf pyromancer.

Vanquished Creatures
  A hydra (D)
  An ugly thing (D)
  An unseen horror (D)
  A slime creature (D)
  A wraith (D)
  A vampire (D)
  An ogre (D)
  A centaur (D)
  A kobold brigand (D)
  A gnoll sergeant (D)
  A killer bee (D)
  A howler monkey (D)
  A gnoll bouda (D)
  An adder (D)
  2 dart slugs (D)
  3 hobgoblins (D)
  A jackal (D)
  A quokka (D)
21 creatures vanquished.

Notes
Turn   | Place    | Note
-------+----------+-------------------------------------------
     0 | D        | Reached skill level 10 in Armour
     0 | D        | zazu2006 the Gnoll Wanderer began the quest for the Orb.
     0 | D        | zazu2006 set off with the following items: a +0 dagger, 8
                  | poisoned darts, a +2 scale mail, a scroll of fog, a potion
                  | of curing, a potion of heal wounds, a potion of haste, 2
                  | potions of magic, a potion of berserk rage, a scroll of
                  | blinking; and the following spell memorised: Summon Small
                  | Mammal; and the following spells available to memorise:
                  | Call Canine Familiar.
     0 | D        | Reached XP level 1. HP: 17/17 MP: 4/4
    39 | D        | Reached skill level 1 in Invocations
    60 | D        | Reached skill level 1 in Short Blades
    60 | D        | Reached skill level 1 in Long Blades
    60 | D        | Reached skill level 1 in Axes
    60 | D        | Reached skill level 1 in Maces & Flails
    60 | D        | Reached skill level 1 in Polearms
    60 | D        | Reached skill level 1 in Staves
    60 | D        | Reached skill level 1 in Ranged Weapons
    60 | D        | Reached skill level 1 in Dodging
    60 | D        | Reached skill level 1 in Stealth
    60 | D        | Reached skill level 1 in Shields
    60 | D        | Reached skill level 1 in Unarmed Combat
    60 | D        | Reached skill level 1 in Evocations
    73 | D        | Reached skill level 1 in Shapeshifting
    73 | D        | Reached XP level 2. HP: 18/23 MP: 5/5
    99 | D        | Noticed an ogre
   116 | D        | Reached skill level 5 in Throwing
   116 | D        | Reached skill level 1 in Conjurations
   116 | D        | Reached skill level 1 in Hexes
   116 | D        | Reached skill level 1 in Necromancy
   116 | D        | Reached skill level 1 in Translocations
   116 | D        | Reached skill level 1 in Transmutations
   116 | D        | Reached skill level 1 in Fire Magic
   116 | D        | Reached skill level 1 in Ice Magic
   116 | D        | Reached skill level 1 in Air Magic
   116 | D        | Reached skill level 1 in Earth Magic
   116 | D        | Reached skill level 1 in Poison Magic
   116 | D        | Reached XP level 3. HP: 22/29 MP: 5/7
   118 | D        | Killed an ogre
   119 | D        | Reached XP level 4. HP: 15/37 MP: 6/10
   119 | D        | Reached XP level 5. HP: 17/42 MP: 6/11
   132 | D        | HP: 2/42 [adder (3)]
   163 | D        | Reached skill level 11 in Armour
   169 | D        | Found a snail-covered altar of Cheibriados.
   169 | D        | Found a shadowy altar of Dithmenos.
   169 | D        | Found a white marble altar of Elyvilon.
   169 | D        | Found a blossoming altar of Fedhas.
   169 | D        | Found an opulent altar of Gozag.
   170 | D        | Found a hazy altar of Hepliaklqana.
   171 | D        | Found a viscous altar of Jiyva.
   172 | D        | Found an ancient bone altar of Kikubaaqudgha.
   173 | D        | Found a corrupted altar of Lugonu.
   174 | D        | Found a burning altar of Makhleb.
   175 | D        | Found a sparkling altar of Nemelex Xobeh.
   176 | D        | Found an iron altar of Okawaru.
   177 | D        | Found a stormy altar of Qazlal.
   178 | D        | Found a sacrificial altar of Ru.
   179 | D        | Found a shimmering blue altar of Sif Muna.
   180 | D        | Found a bloodstained altar of Trog.
   181 | D        | Found a hide-covered altar of Uskayaw.
   182 | D        | Found a radiant altar of Vehumet.
   183 | D        | Found an ornate altar of the Wu Jian Council.
   184 | D        | Found a shimmering altar of Xom.
   185 | D        | Found a basalt altar of Yredelemnul.
   186 | D        | Found a glowing silver altar of Zin.
   187 | D        | Found a glowing golden altar of the Shining One.
   188 | D        | Became a worshipper of Trog the Wrathful
   337 | D        | Noticed a centaur
   337 | D        | Noticed a kobold brigand
   337 | D        | Noticed a wraith
   341 | D        | Reached skill level 5 in Spellcasting
   349 | D        | Killed a kobold brigand
   349 | D        | Reached * piety under Trog
   349 | D        | Killed a centaur
   350 | D        | Reached skill level 5 in Fighting
   350 | D        | Reached skill level 5 in Invocations
   350 | D        | Reached XP level 6. HP: 35/51 MP: 12/14
   353 | D        | Killed a wraith
   354 | D        | Reached skill level 5 in Short Blades
   354 | D        | Reached skill level 5 in Long Blades
   354 | D        | Reached skill level 5 in Axes
   354 | D        | Reached skill level 5 in Maces & Flails
   354 | D        | Reached skill level 5 in Polearms
   354 | D        | Reached skill level 5 in Staves
   354 | D        | Reached skill level 5 in Ranged Weapons
   354 | D        | Reached skill level 5 in Dodging
   354 | D        | Reached skill level 5 in Stealth
   354 | D        | Reached skill level 5 in Shields
   354 | D        | Reached skill level 5 in Unarmed Combat
   354 | D        | Reached skill level 5 in Summonings
   354 | D        | Reached skill level 5 in Evocations
   354 | D        | Reached XP level 7. HP: 21/58 MP: 12/16
   372 | D        | Killed an unseen horror
   372 | D        | Reached ** piety under Trog
   373 | D        | Reached skill level 12 in Armour
   373 | D        | Reached skill level 5 in Conjurations
   373 | D        | Reached skill level 5 in Hexes
   373 | D        | Reached skill level 5 in Necromancy
   373 | D        | Reached skill level 5 in Translocations
   373 | D        | Reached skill level 5 in Transmutations
   373 | D        | Reached skill level 5 in Fire Magic
   373 | D        | Reached skill level 5 in Ice Magic
   373 | D        | Reached skill level 5 in Air Magic
   373 | D        | Reached skill level 5 in Earth Magic
   373 | D        | Reached skill level 5 in Poison Magic
   373 | D        | Reached skill level 5 in Shapeshifting
   497 | D        | Noticed a vampire
   497 | D        | Noticed a slime creature
   497 | D        | Noticed a purple ugly thing
   497 | D        | Noticed an eight-headed hydra
   497 | D        | Noticed a deep elf pyromancer
   499 | D        | Killed a vampire
   500 | D        | Reached XP level 8. HP: 65/65 MP: 18/18
   502 | D        | Killed an eight-headed hydra
   502 | D        | Reached *** piety under Trog
   505 | D        | Killed a purple ugly thing
   506 | D        | Reached XP level 9. HP: 56/74 MP: 18/21
   519 | D        | Killed from afar by a deep elf pyromancer

Illustrated notes

Levels and vault maps discovered:
D:        linesprint [early_d, line_temple, items_1, d_10, items_2, lair_1,
          lair_end, items_3, orc_1, orc_end, items_4, d_15, swamp_1, shoals_1,
          snake_1, spider_1, d_20, vaults_1, items_5, swamp_end, shoals_end,
          snake_end, spider_end, vaults_end, d_27, items_6, zot_1, zot_end,
          crypt_end, forest_end, elf_end, slime_end, tomb_end, abyss_end,
          pan_hell_end]

Skill      XL: |  1  2  3  4  5  6  7  8  9 |
---------------+----------------------------+-----
Armour         | 11 12 | 12.8
Summonings     | 2 3 4 5 6 |  6.7
Invocations    | 1 2 3 5 7 8 |  8.3
Short Blades   | 1 2 3 4 5 6 7 |  7.6
Long Blades    | 1 2 3 4 5 6 7 |  7.6
Axes           | 1 2 3 4 5 6 7 |  7.6
Maces & Flails | 1 2 3 4 5 6 7 |  7.6
Polearms       | 1 2 3 4 5 6 7 |  7.6
Staves         | 1 2 3 4 5 6 7 |  7.6
Ranged Weapons | 1 2 3 4 5 6 7 |  7.6
Dodging        | 1 2 3 4 5 6 7 |  7.6
Stealth        | 1 2 3 4 5 6 7 |  7.6
Shields        | 1 2 3 4 5 6 7 |  7.6
Unarmed Combat | 1 2 3 4 5 6 7 |  7.6
Evocations     | 1 2 3 4 5 6 7 |  7.6
Shapeshifting  | 1 2 4 5 6 |  6.9
Fighting       | 3 4 5 6 8 |  8.1
Throwing       | 5 6 7 8 9 |  9.0
Spellcasting   | 3 4 5 6 7 8 |  8.2
Conjurations   | 1 2 4 5 6 |  6.3
Hexes          | 1 2 4 5 6 |  6.3
Necromancy     | 1 2 4 5 6 |  6.3
Translocations | 1 2 4 5 6 |  6.3
Transmutations | 1 2 4 5 6 |  6.3
Fire Magic     | 1 2 4 5 6 |  6.3
Ice Magic      | 1 2 4 5 6 |  6.3
Air Magic      | 1 2 4 5 6 |  6.3
Earth Magic    | 1 2 4 5 6 |  6.3
Poison Magic   | 1 2 4 5 6 |  6.3

Action                     |  1- 3 |  4- 6 |  7- 9 || total
---------------------------+-------+-------+-------++-------
  Melee: Dagger            |    87 |    43 |       ||   130
         Bite              |     7 |     3 |     5 ||    15
         Punch             |     1 |       |       ||     1
         Quarterstaff      |       |    14 |    21 ||    35
 Invoke: Berserk           |       |       |     1 ||     1
  Evoke: Wand              |       |     2 |     3 ||     5
    Use: Potion            |     1 |     1 |     1 ||     3
 Armour: Scale mail        |    32 |    40 |    23 ||    95
  Dodge: Dodged            |    34 |    24 |     8 ||    66

Table legend: (Time is in decaauts)
 A = Elapsed time spent in this place.
 B = Non-inter-level travel time spent in this place.
 C = Inter-level travel time spent in this place.
 D = Time resting spent in this place.
 E = Time spent auto-exploring this place.
 F = Levels seen in this place.
 G = Mean time per level.
                   A        B        C        D        E       F      G
               +--------+--------+--------+--------+--------+-----+--------+
         Total |    525 |    525 |      0 |     28 |    244 |   1 |  525.0 |
       Dungeon |    525 |    525 |      0 |     28 |    244 |   1 |  525.0 |
               +--------+--------+--------+--------+--------+-----+--------+

Top non-repeatable levels by time:
       D: 525 daAuts
